Map: Torches LE

Players

OrDa - Winner!

  • Race: Protoss Protoss
  • Spawn Location: 1:00

BlackDot

  • Race: Terran Terran
  • League: Silver
  • Spawn Location: 5:00

VOD

Have the link to the VOD?

Description

Time

  • Played on: July 25, 2025, 12:08 p.m.
  • Length: 16:39
Show
View Real Time Build Order
Export as new Build Order

OrDa Protoss - Winner!

Build Orders: Oracle Opening, Carriers 

Get SALT Encoding   

  1  0:00  Probe  
  13  0:07  Probe  
  14  0:15  Probe  
  15  0:26  Pylon  
  15  0:32  Assimilator  
  15  0:45  Gateway  
  15  0:50  Probe  
  16  1:00  Probe  
  17  1:07  Assimilator  
  17  1:08  Probe  
  17  1:17  Probe  
  19  1:29  Probe  
  20  1:34  Cybernetics Core  
  20  1:52  Forge  
  20  2:04  Nexus  
  20  2:15  Pylon  
  20  2:19  Pylon  
  20  2:31  Probe  
  20  2:32  Stargate  
  21  2:39  Probe  
  22  2:56  Photon Cannon  
  22  2:59  Photon Cannon  
  22  3:05  Photon Cannon  
  22  3:06  Probe  
  23  3:18  Oracle, Probe  
  23  3:19  Probe  
  27  3:26  Probe  
  28  3:27  Probe  
  30  3:34  Probe  
  30  3:36  Probe  
  32  3:44  Probe  
  32  3:47  Stargate  
  33  3:48  Probe  
  33  3:55  Pylon  
  34  3:56  Probe  
  34  4:00  Probe  
  36  4:09  Void Ray  
  40  4:17  Probe  
  41  4:25  Probe  
  41  4:27  Assimilator  
  41  4:30  Assimilator  
  42  4:35  Probe  
  47  4:40  Void Ray  
  47  4:47  Probe  
  48  5:05  Probe  
  48  5:06  Void Ray  
  53  5:17  Probe  
  54  5:29  Probe  
  53  5:51  Probe  
  49  6:03  Probe  
  30  6:15  Probe  
  30  6:17  Void Ray  
  30  6:18  Void Ray  
  37  6:29  Probe  
  38  6:37  Probe  
  38  6:45  Probe  
  38  6:52  Void Ray  
  38  6:53  Probe  
  37  6:55  Void Ray  
  45  7:03  Probe  
  46  7:15  Probe  
  44  7:32  Probe  
  44  7:35  Probe  
  49  7:39  Void Ray  
  49  7:40  Probe  
  49  7:44  Probe  
  50  7:50  Probe  
  52  7:53  Probe  
  54  8:09  Nexus  
  54  8:10  Pylon, Assimilator  
  54  8:11  Assimilator  
  54  8:12  Pylon  
  54  8:14  Pylon  
  54  8:16  Pylon  
  54  8:20  Pylon  
  54  8:30  Probe x2  
  64  8:34  Void Ray x2  
  64  8:36  Pylon  
  64  8:38  Pylon  
  64  8:39  Probe  
  64  8:40  Pylon  
  64  8:41  Photon Cannon  
  64  8:42  Photon Cannon, Probe  
  64  8:47  Probe  
  67  8:56  Probe, Assimilator  
  68  9:08  Probe  
  69  9:20  Probe  
  70  10:06  Probe  
  71  10:14  Probe  
  72  10:23  Probe  
  73  10:35  Probe  
  73  10:36  Stalker  
  84  10:42  Void Ray  
  84  10:43  Void Ray, Probe  
  85  10:51  Probe  
  85  10:55  Probe  
  87  11:02  Probe  
  87  11:03  Stalker, Probe  
  91  11:11  Probe  
  91  11:14  Probe  
  93  11:20  Fleet Beacon  
  93  11:22  Probe  
  93  11:24  Void Ray x2, Stargate  
  102  11:26  Probe  
  102  11:27  Stargate  
  103  11:34  Probe  
  103  11:38  Probe  
  105  11:47  Nexus  
  105  11:50  Probe x2  
  105  11:51  Stalker  
  107  11:58  Void Ray  
  107  11:59  Void Ray  
  107  12:02  Probe x2  
  119  12:14  Probe  
  119  12:15  Probe  
  121  12:17  Stalker  
  131  12:41  Void Ray  
  131  12:42  Void Ray  
  131  12:45  Stalker  
  133  12:59  Pylon, Carrier x2  
  133  13:01  Pylon  
  133  13:03  Pylon  
  145  13:08  Pylon  
  145  13:09  Pylon  
  145  13:11  Pylon  
  145  13:12  Pylon, Stalker  
  145  13:19  Pylon, Carrier  
  126  13:56  Carrier  
  128  14:03  Carrier x2  
  90  14:54  Carrier  
  96  15:00  Carrier  
  101  15:07  Carrier  
  107  15:18  Probe  
  108  15:26  Probe  
  108  15:28  Probe  
  109  15:35  Probe  
  110  15:40  Probe  
  112  15:47  Probe  
  113  15:52  Probe  
  114  15:59  Probe  
  115  16:04  Probe  
  116  16:16  Probe  
Show
View Real Time Build Order
Export as new Build Order

BlackDot Terran 

Build Orders:  

Get SALT Encoding   

  12  0:00  SCV  
  13  0:13  SCV  
  14  0:21  Supply Depot  
  14  0:25  SCV  
  16  0:44  Barracks  
  16  0:46  Refinery  
  16  0:57  SCV  
  16  1:00  Refinery  
  16  1:09  SCV  
  17  1:21  SCV  
  18  1:33  Supply Depot  
  18  1:34  Barracks Reactor  
  18  1:37  Orbital Command  
  18  2:01  Factory  
  18  2:03  SCV  
  19  2:12  Marine x2  
  22  2:15  SCV  
  22  2:27  SCV  
  23  2:30  Marine x2  
  25  2:39  SCV  
  26  2:46  Factory Tech Lab  
  26  2:47  Marine  
  26  2:48  Starport, Marine  
  28  2:52  SCV  
  29  3:04  Engineering Bay, SCV  
  30  3:05  Marine  
  30  3:12  Supply Depot  
  31  3:16  Siege Tank, Marine  
  35  3:23  Supply Depot  
  35  3:25  Marine  
  36  3:31  Medivac  
  38  3:37  Marine  
  39  3:47  SCV  
  40  3:58  Siege Tank  
  40  4:01  Medivac  
  40  4:02  Marine x2  
  47  4:17  SCV  
  47  4:22  Marine x2  
  50  4:30  Siege Tank  
  53  4:59  Marine x2  
  40  6:07  Marine x2  
  45  6:12  Viking  
  45  6:13  SCV  
  45  6:15  Siege Tank  
  48  6:25  Marine, SCV  
  47  6:39  Marine  
  47  6:42  Viking  
  47  6:43  Marine  
  50  6:57  Missile Turret, Marine  
  50  7:00  Missile Turret  
  47  7:11  Command Center  
  47  7:14  SCV  
  47  7:26  SCV  
  48  7:42  SCV  
  49  7:44  Missile Turret  
  49  7:45  Medivac  
  51  7:53  Missile Turret  
  51  7:54  SCV  
  51  7:57  Terran Infantry Weapons Level 1  
  51  7:58  Marine  
  53  8:10  SCV  
  53  8:11  Marine  
  55  8:22  Supply Depot  
  55  8:36  Supply Depot  
  55  8:39  Marine x2, SCV  
  58  8:43  Refinery, Barracks  
  58  8:45  Barracks  
  58  8:51  SCV  
  58  8:54  Siege Tank  
  58  8:55  Supply Depot  
  62  8:57  Marine x2  
  64  9:08  SCV  
  66  9:11  Orbital Command  
  66  9:15  Marine x2  
  63  9:32  Marine x2  
  61  9:50  Medivac  
  61  9:52  Barracks Tech Lab  
  63  9:53  Barracks Tech Lab  
  61  10:16  Missile Turret  
  61  10:20  Viking  
  63  10:33  SCV  
  63  10:34  Marine x3, SCV  
  63  10:35  Marauder  
  70  10:48  Supply Depot  
  70  10:49  Medivac  
  70  10:52  Combat Shield  
  70  10:53  Stimpack, Marauder  
  74  11:07  Siege Tank  
  74  11:09  SCV x2  
  79  11:19  Viking  
  79  11:21  Marine x2  
  79  11:22  Marine x2  
  79  11:25  SCV x2  
  87  11:32  Supply Depot  
  87  11:39  Marine  
  91  11:40  Siege Tank  
  91  11:44  Missile Turret  
  91  11:59  SCV x2  
  93  12:02  Marine x3  
  93  12:03  Marine  
  93  12:07  Medivac  
  99  12:11  Concussive Shells  
  99  12:12  Siege Tank  
  99  12:20  Marine  
  95  12:30  Missile Turret, Marine x3  
  98  12:37  Viking  
  98  12:38  Marine  
  101  12:48  Marine  
  102  12:51  Supply Depot  
  102  12:56  Terran Infantry Armor Level 1  
  102  12:57  Supply Depot  
  102  13:00  Marauder  
  102  13:01  Armory  
  83  13:28  Marine x3  
  83  13:29  Marauder  
  83  13:32  Viking  
  74  13:45  Marine  
  73  13:50  Marine x3  
  73  14:03  Marine  
  73  14:08  Marine x3  
  76  14:21  Marine  
  65  14:27  Command Center  
  30  15:57  Orbital Command  
  30  16:09  Barracks  
  30  16:14  Refinery  
  30  16:15  Refinery  
Tags
 
Composition
Carriers
League
Silver
Matchup
PvT
Spawn Locations
Close Positions
Add a new tag
Caveats
  • Supply blocks, unpowered buildings, or Contaminate may cause inaccurate times.
  • Supply counts are checked every 10 seconds.